 Dungeon Crawl Stone Soup version 0.27.1-37-g7b29ead8ac (console) character file.

Game seed: 12776819375648005869

10455 grimtooth the Summoner (level 11, -6/81 HPs)
             Began as a Barachi Summoner on Aug 17, 2023.
             Was a Priest of Nemelex Xobeh.
             Shot with an arrow by a centaur (14 damage)
             ... led by a centaur warrior
             ... on level 14 of the Dungeon.
             The game lasted 01:30:30 (19135 turns).

grimtooth the Summoner (Barachi Summoner)          Turns: 19135, Time: 01:30:31

Health: -6/81      AC:  8    Str: 10    XL:     11   Next: 62%
Magic:  4/20       EV: 16    Int: 19    God:    Nemelex Xobeh [***...]
Gold:   537        SH:  0    Dex: 12    Spells: 9/22 levels left

rFire    + . .     SeeInvis .   a - +2 whip (elec)
rCold    + + .     Faith    .   (no shield)
rNeg     . . .     Spirit   .   x - +1 steam dragon scales
rPois    .         Reflect  .   p - +0 helmet
rElec    .         Harm     .   f - scarf {rC+ rF+}
rCorr    .         Rampage  .   H - +0 pair of gloves
Will     .....                  (no boots)
Stlth    ++........             (no amulet)
HPRegen  0.23/turn              G - ring of protection from cold
MPRegen  0.17/turn              K - +4 ring of evasion

@: unable to hop, hasted, quick
A: amphibious, slowness 1, strong legs 1, +LOS
a: Hop, Renounce Religion, Draw Escape, Draw Destruction, Draw Summoning, Triple
Draw


You were on level 14 of the Dungeon.
You worshipped Nemelex Xobeh.
Nemelex Xobeh was most pleased with you.
You visited 2 branches of the dungeon, and saw 13 of its levels.

You collected 537 gold pieces.

Inventory:

Hand Weapons
 a - a +2 whip of electrocution (weapon)
 b - a +2 dagger of venom
 e - a +0 short sword
 y - a +0 whip of venom
 A - a +0 scimitar of holy wrath
 B - a +2 vampiric hand axe
 O - a +4 scimitar
Missiles
 c - 85 stones
 i - 68 sling bullets
 j - a throwing net {=f}
 l - 48 poisoned darts
 n - 2 boomerangs (quivered)
 u - 3 atropa-tipped darts
 v - 6 curare-tipped darts
Armour
 f - a scarf of resistance (worn)
 p - a +0 helmet (worn)
 q - a +2 ring mail of willpower
 x - +1 steam dragon scales (worn)
 E - a +1 robe of positive energy
 H - a +0 pair of gloves (worn)
 Q - a +0 cloak
 S - a +0 buckler
Magical Staves
 M - a staff of poison
Jewellery
 G - a ring of protection from cold (left hand)
 K - a +4 ring of evasion (right hand)
Wands
 g - a wand of paralysis (12)
 h - a wand of flame (20)
 t - a wand of polymorph (10)
 F - a wand of mindburst (15)
 I - a wand of acid (3)
Scrolls
 d - 2 scrolls of acquirement
 m - 2 scrolls of enchant armour
 o - a scroll of fog {unknown}
 r - a scroll of vulnerability {unknown}
 C - a scroll of noise {unknown}
 P - a scroll of amnesia {unknown}
Potions
 k - a potion of magic {unknown}
 s - 2 potions of attraction
 D - 2 potions of brilliance {unknown}
 J - a potion of lignification {unknown}
 L - a potion of degeneration {unknown}
 R - a potion of flight {unknown}


   Skills:
 - Level 6.0 Fighting
 - Level 2.1 Dodging
 + Level 2.7 Stealth
 - Level 6.0 Spellcasting
 - Level 6.0 Hexes
 * Level 14.8 Summonings
 - Level 6.0 Air Magic
 - Level 6.0 Invocations


You had 9 spell levels left.
You knew the following spells:

 Your Spells              Type           Power      Damage    Failure   Level
I - Summon Lightning Spi  Summ/Air       45%        N/A       1%          4
L - Summon Small Mammal   Summ           100%       N/A       1%          1
M - Summon Guardian Gole  Hex/Summ       45%        N/A       1%          3
N - Call Canine Familiar  Summ           58%        N/A       1%          3
P - Call Imp              Summ           58%        N/A       1%          2

Your spell library contained the following spells:

 Spells                   Type           Power      Damage    Failure   Level
 Corpse Rot               Necr/Air       N/A        N/A       4%          2
 Poisonous Vapours        Pois/Air       34%        N/A       4%          2
 Static Discharge         Conj/Air       17%        N/A       4%          2
 Sublimation of Blood     Necr           2%         N/A       17%         2
 Wereblood                Tmut           5%         N/A       17%         2
 Summon Hydra             Summ           29%        N/A       22%         7
 Lightning Bolt           Conj/Air       8%         1d21      65%         5
 Freezing Cloud           Conj/Ice/Air   6%         6-21      80%         5
 Maxwell's Capacitive Co  Air            14%        ∞         100%        8


Dungeon Overview and Level Annotations

Branches:
Dungeon (14/15)            Temple (1/1) D:7             Orc (0/2) D:9
   Lair: D:8-11      Vaults: D:13-14

Altars:
Ashenzari
Dithmenos
Elyvilon
Hepliaklqana
Kikubaaqudgha
Makhleb
Nemelex Xobeh
Okawaru
Ru
Sif Muna
Trog
Uskayaw
Vehumet
Xom
Yredelemnul
Zin

Annotations:
D:8 exclusions: acid dragon and 2 orc wizards
D:9 exclusion: yak
D:10 1 runed translucent door, Kazon's ghost, journeyman PaBe
D:11 exclusion: wraith
D:14 1 transporter, grimtooth's ghost, journeyman DEWz


Innate Abilities, Weirdness & Mutations

You are amphibious.
You cover ground slowly.
You can hop short distances.
You have an extended range of vision and can be seen from far away.


Message History

Your lightning spire shoots out a bolt of lightning at the centaur warrior!
The bolt of electricity hits the centaur warrior! x2
The bolt of electricity hits the vampire mosquito!
The vampire mosquito is destroyed!
The bolt of electricity hits your wolf!
The centaur warrior shoots an arrow.
The arrow hits your guardian golem!!
Your guardian golem is destroyed!
Your guardian golem disappears in a puff of smoke!
Enter note: - I was really counting on an explosion there
Aiming: Paralyse
Press: ? - help, Shift-Dir - straight line, f - centaur
Aim: a centaur, quivering arrows (chance to affect: 46%)
Okay, then.
Press: ? - help, v - describe, . - travel
Here: a centaur warrior, wielding a +0 shortbow and quivering arrows (almost dead, covered in acid, ally target)
The floor, spattered with blood.
Okay, then.
Aiming: Mindburst
Press: ? - help, Shift-Dir - straight line, f - centaur
Aim: a centaur, quivering arrows (chance to affect: 65%)
The centaur's mind is blasted!
Your wolf bites the centaur warrior!
The centaur warrior dies!
The centaur warrior unwields a +0 longbow.
The centaur warrior misses your wolf. The centaur warrior kicks your wolf.
Your wolf barely misses the centaur warrior.
Press: ? - help, v - describe, . - travel
Here: a centaur, quivering arrows (severely wounded)
The floor.
Aiming: Corrosive Bolt
Press: ? - help, Shift-Dir - straight line, p - centaur The bolt of acid hits the vampire mosquito!
The vampire mosquito is splashed with acid.
The vampire mosquito is heavily damaged.
The bolt of acid hits the centaur!
The centaur is splashed with acid!
The acid corrodes the centaur!
You kill the centaur!
The vampire mosquito barely misses your wolf.
The centaur shoots an arrow.
The arrow hits you!
You die...
Your body glows slightly and disappears.

# #.#...#.§.###.........#
##.3W..# ##.###...##.##..#
.#5.#. #.##....#≈≈≈#..#
©#!=.5# #.###...#§§§#..#
.#!#.....##.#.....#§§≈#÷.#
##$# ..#.#©..#....#####..#
# .# .5##........§.§...# #
#. 33#.............## ##
.# ##........###### .# ..
##.........# .##
#####.......@### ..#
......)....##
...c..........y...# ...C.c
.....).....## #..c...
.#....8chc.#
.DC...c.#.....yc†##
...............○##
.c.........##.## ........#
### ...... ..#..


You could see a centaur warrior (ally target), 2 neqoxecs, 2 vampire mosquitoes,
2 centaurs, a quasit (wandering), a friendly wolf (summoned) and a friendly
lightning spire (summoned).

Vanquished Creatures
  6 deep elf zephyrmancers (D:11)
  A centaur zombie (D:11)
  An unseen horror (D:11)
  A shadow (D:10)
  A spriggan (D:14)
  2 yaks
  A human (D:14)
  A steam dragon (D:8)
  A vampire mosquito (D:11)
  An orc warrior (D:9)
  4 centaurs
  A bullfrog (D:9)
  2 scorpions
  A killer bee (D:9)
  An electric eel (D:11)
  A centaur skeleton (D:6)
  3 orc priests
  An orc wizard (D:7)
  A scorpion zombie (D:5)
  An ogre zombie (D:9)
  2 howler monkey zombies (D:9)
  5 adders
  A howler monkey skeleton (D:6)
  A shadow imp (D:7)
  2 ufetubi
  An adder skeleton (D:4)
  2 dart slugs
  18 orcs
  4 ball pythons
  2 endoplasms
  4 giant cockroaches
  6 hobgoblins
  A jackal (D:4)
  3 goblin zombies (D:9)
  3 hobgoblin zombies (D:9)
  7 kobolds
  2 orc skeletons (D:9)
  7 orc zombies (D:9)
  A rat (D:3)
104 creatures vanquished.

Vanquished Creatures (collateral kills)
  A centaur warrior (D:14)
  A deep elf pyromancer (D:11)
  A deep elf zephyrmancer (D:11)
  2 slime creatures (D:14)
  2 kobold demonologists (D:11)
  A troll (D:8)
  A merfolk (D:14)
  A hornet (D:9)
  A shadow (D:9)
  A steam dragon (D:8)
  15 yaks
  3 vampire mosquitoes
  3 black bears
  An orc warrior (D:11)
  3 necrophages
  A hornet zombie (D:7)
  An ice beast (D:8)
  2 ogres
  2 centaurs (D:5)
  2 phantoms
  3 kobold brigands
  A bullfrog (D:9)
  3 scorpions
  7 killer bees (D:9)
  3 troll zombies (D:9)
  4 wights (D:10)
  3 howler monkeys
  2 centaur zombies
  2 hounds
  2 jellies
  An orc priest (D:5)
  2 iguanas (D:5)
  10 orc wizards
  3 ogre zombies (D:9)
  8 adders
  A white imp (D:6)
  An ufetubus (D:4)
  A worm (D:5)
  2 dart slugs
  14 orcs
  2 ball pythons
  11 endoplasms
  2 giant cockroaches
  A goblin (D:1)
  3 hobgoblins
  4 jackals
  15 kobolds
  2 quokkas (D:2)
  3 bats
  A goblin skeleton (D:9)
  2 goblin zombies (D:9)
  7 orc zombies (D:9)
  A quokka skeleton (D:4)
  2 rats
174 creatures vanquished.

Vanquished Creatures (others)
  A slime creature (D:14)
  4 yaks
  A steam dragon (D:10)
  An orc warrior (D:6)
  A kobold brigand (D:5)
  An orc (D:5)
  A kobold (D:5)
10 creatures vanquished.

Grand Total: 288 creatures vanquished

Notes
Turn   | Place    | Note
-------+----------+-------------------------------------------
     0 | D:1      | grimtooth the Barachi Summoner began the quest for the Orb.
     0 | D:1      | Reached XP level 1. HP: 13/13 MP: 3/3
   443 | D:1      | Reached skill level 5 in Summonings
   945 | D:1      | Reached XP level 2. HP: 12/19 MP: 1/5
  1448 | D:1      | Found a faded altar of an unknown god.
  1598 | D:2      | Learned a level 2 spell: Call Imp
  1881 | D:2      | Reached XP level 3. HP: 16/24 MP: 4/7
  3277 | D:2      | Reached skill level 6 in Summonings
  3644 | D:2      | Learned a level 3 spell: Call Canine Familiar
  3726 | D:3      | Reached XP level 4. HP: 25/30 MP: 8/8
  4464 | D:3      | Reached XP level 5. HP: 34/35 MP: 7/10
  5422 | D:4      | Reached skill level 7 in Summonings
  5993 | D:4      | Noticed a black bear
  6021 | D:4      | Killed a black bear
  6022 | D:4      | Reached XP level 6. HP: 41/41 MP: 6/12
  6103 | D:4      | Noticed a black bear
  6125 | D:4      | Killed a black bear
  6126 | D:4      | Reached skill level 8 in Summonings
  6307 | D:4      | Noticed an orc warrior
  6740 | D:4      | Learned a level 3 spell: Summon Guardian Golem
  6743 | D:5      | Entered Level 5 of the Dungeon
  6972 | D:5      | Found a white marble altar of Elyvilon.
  6980 | D:5      | Found a bloodstained altar of Trog.
  6984 | D:5      | Found an ancient bone altar of Kikubaaqudgha.
  6999 | D:5      | - and i said i wouldnt do ely this time
  7402 | D:5      | Reached skill level 9 in Summonings
  7402 | D:5      | Reached XP level 7. HP: 21/47 MP: 7/13
  7659 | D:5      | Reached skill level 1 in Fighting
  7659 | D:5      | Reached skill level 1 in Hexes
  8814 | D:6      | Reached XP level 8. HP: 60/60 MP: 11/14
  9354 | D:6      | Identified a scroll of acquirement
  9409 | D:7      | Found a staircase to the Ecumenical Temple.
  9434 | Temple   | Entered the Ecumenical Temple
  9472 | Temple   | Became a worshipper of Nemelex Xobeh the Trickster
  9478 | Temple   | Learned a level 4 spell: Summon Lightning Spire
  9609 | D:7      | Reached skill level 5 in Fighting
 10172 | D:7      | Reached skill level 5 in Hexes
 10191 | D:7      | Reached skill level 1 in Air Magic
 11018 | D:4      | - uh-oh
 11406 | D:8      | Noticed a yak
 11406 | D:8      | Noticed a yak
 11406 | D:8      | Noticed a yak
 11407 | D:8      | Noticed a yak
 11485 | D:8      | Noticed a troll
 11509 | D:8      | Killed a troll
 11622 | D:8      | Reached * piety under Nemelex Xobeh
 11886 | D:8      | Received a gift from Nemelex Xobeh
 11977 | D:8      | Noticed a yak
 11981 | D:8      | Noticed a yak
 11983 | D:8      | Killed a yak
 11984 | D:8      | Reached XP level 9. HP: 58/69 MP: 7/15
 11996 | D:8      | Reached skill level 10 in Summonings
 13186 | D:9      | Reached skill level 5 in Air Magic
 13248 | D:9      | Reached skill level 1 in Invocations
 13540 | D:9      | Noticed a hornet
 13551 | D:9      | Killed a hornet
 13699 | D:9      | Reached skill level 11 in Summonings
 14395 | D:9      | Found a staircase to the Orcish Mines.
 14506 | D:9      | Reached XP level 10. HP: 71/76 MP: 16/16
 14859 | D:9      | Reached ** piety under Nemelex Xobeh
 14880 | D:10     | Entered Level 10 of the Dungeon
 15004 | D:10     | Found an iron altar of Okawaru.
 15680 | D:10     | Found a runed translucent door.
 15681 | D:10     | Noticed Kazon's ghost (journeyman PaBe)
 15809 | D:10     | Reached skill level 12 in Summonings
 16412 | D:11     | Noticed a kobold demonologist
 16425 | D:11     | Killed an unseen horror
 16426 | D:11     | Reached skill level 5 in Invocations
 16813 | D:11     | Noticed a deep elf zephyrmancer
 16824 | D:11     | Noticed a deep elf zephyrmancer
 17055 | D:11     | Noticed a deep elf zephyrmancer
 17237 | D:11     | Killed a deep elf zephyrmancer
 17238 | D:11     | Reached skill level 13 in Summonings
 17285 | D:11     | Noticed a deep elf pyromancer
 17303 | D:11     | Killed a deep elf pyromancer
 17368 | D:11     | Noticed a deep elf zephyrmancer
 17373 | D:11     | Killed a deep elf zephyrmancer
 17374 | D:11     | Reached XP level 11. HP: 62/81 MP: 17/17
 17379 | D:11     | Noticed a deep elf zephyrmancer
 17385 | D:11     | Killed a deep elf zephyrmancer
 17396 | D:11     | Killed a deep elf zephyrmancer
 17410 | D:11     | Noticed a deep elf zephyrmancer
 17480 | D:11     | Killed a deep elf zephyrmancer
 17481 | D:11     | Reached skill level 5 in Spellcasting
 17522 | D:11     | Killed a deep elf zephyrmancer
 17523 | D:11     | Reached skill level 14 in Summonings
 17555 | D:11     | Noticed a deep elf zephyrmancer
 17568 | D:11     | Killed a deep elf zephyrmancer
 17581 | D:11     | Noticed a deep elf zephyrmancer
 18689 | D:11     | You fall into a shaft and drop 3 floors!
 18689 | D:14     | Noticed grimtooth's ghost (journeyman DEWz)
 18689 | D:14     | Noticed a green ugly thing
 18689 | D:14     | Noticed a green ugly thing
 18689 | D:14     | Noticed a green ugly thing
 18689 | D:14     | Received a gift from Nemelex Xobeh
 18689 | D:14     | Found a transporter.
 18689 | D:14     | Reached *** piety under Nemelex Xobeh
 18695 | D:14     | Noticed a cyclops
 18696 | D:14     | Noticed a cyclops
 18696 | D:14     | Noticed a six-headed hydra
 18697 | D:14     | Noticed a centaur warrior
 19122 | D:14     | Noticed a centaur warrior
 19130 | D:14     | - aargh
 19131 | D:14     | HP: 4/81 [centaur warrior (8)]
 19134 | D:14     | - I was really counting on an explosion there
 19134 | D:14     | Killed a centaur warrior
 19135 | D:14     | Shot with an arrow by a centaur

Illustrated notes #.........####.... #................# #................# #................. ##...............# ###..............# ##_####...........# #...# #...........# ####'####...........# ##.#...#.##..........# #_.'.@.'._##.........# ##.#...#.##..#######.# ####'####..## #.. #...##..## #.# ##.##..## #<# #.#..## #.# #...## #.# ##### #.# #.# #.# #.# Turn 6999 on D:5: - and i said i wouldnt do ely this time

#............## #.##....##
#[.........#.######.##.....#
#........##....#....#.....#
#........#..#.............#
##.####..#.##...........###
o..####..).#.....[.....##
o....((......#.......[..# #.
(...(#.....##.........# #
#.....####..§°##........## .
#.....###..oo.###........#
##.#............@.#.........##
...#.######.#.#..###.........##
(....<..########..##..........#
####......######..#.....<#.#..#
...##...................#######
..##........###.......####
............##......##...#
...........####.....#....#
........#....#..........##
........#.......##......#
.###..##.....##.####..#.# ###


Turn 11018 on D:4: - uh-oh # .# ..##........§.§...# # #. ..#.............## ##
.# ##........###### .# .. ##.........# .## #####........### ..# ......)....##
...c..............# ...C.c ...........## #..c... .#....88h..#
.DC...c.#...ccc..## ...........yccy@## .c.........##y## ........# ### ......
..#.. . # Turn 19130 on D:14: - aargh # #.#...#.§.###.........# ##.3W..#
##.###...##.##..# .#5.#. #.##....#≈≈≈#..# ©#!=.5# #.###...#§§§#..#
.#!#.....##.#.....#§§≈#÷.# ##$# ..#.#©..#....#####..# # .# .3##........§.§...# #
#. ..#.............## ## .# ##........###### .# .. ##.........# .##
#####.......@### ..# ......)....## ...c..............# ...C.c ...........##
#..c... .#..cy8§h..# .DC...c.#....ccc†## ..............yc## .c.........##.##
........# ### ...... ..#.. Turn 19134 on D:14: - I was really counting on an
explosion there

Levels and vault maps discovered:
D:1:      lemuel_arrival_tunnels, layout_basic, serial_rivers,
          chequers_serial_rivers_marsh, chequers_serial_rivers_micro_a,
          chequers_serial_rivers_room_b, chequers_serial_rivers_large_b,
          shapermc_ecumenical_altar_flowoftime, minmay_strange_pillars,
          bh_walls_and_bars
D:2:      layout_basic
D:3:      layout_basic, minmay_misc_feat_square, minivault_19, st_stairs_11,
          chequers_arboretum
D:4:      minmay_evil_eye, layout_cave_pools, kennysheep_small_circle
D:5:      layout_basic, grunt_temple_overflow_diamond
D:6:      layout_loops_ring, lightli_orcish_oven
D:7:      layout_loops_ring, minmay_temple_entry_glass
D:8:      layout_basic, serial_park_tiny_2, minmay_misc_feat_rows
D:9:      layout_roguey, erik_lair_dragon, zombieorc2_lemuel
D:10:     layout_cave_pods, lemuel_coloured_pillars_altar,
          ebering_ghost_reflecting_pool
D:11:     layout_roguey, elves_outpost_lemuel
D:14:     evilmike_makhleb_hellhole, layout_cave_pools,
          gammafunk_ghost_stat_death, hangedman_stone_soup
Temple:   eino_narrow_crystal_temple

Skill      XL: |  1  2  3  4  5  6  7  8  9 10 11 |
---------------+----------------------------------+-----
Summonings     | 5 6 7 9 11 13 14 | 14.8
Spellcasting   | 3 4 6 |  6.0
Fighting       | 4 6 |  6.0
Hexes          | 3 6 |  6.0
Air Magic      | 2 5 6 |  6.0
Invocations    | 3 6 |  6.0
Stealth        | 2 |  2.7
Dodging        | |  2.1

Action                   |  1- 3 |  4- 6 |  7- 9 | 10-12 || total
-------------------------+-------+-------+-------+-------++-------
Melee: Unarmed           |    20 |       |       |       ||    20
       Short sword       |    58 |   107 |     8 |       ||   173
       Whip              |       |       |   184 |   119 ||   303
Throw: Stone             |    13 |    25 |    10 |       ||    48
       Dart              |       |    25 |    50 |    24 ||    99
       Boomerang         |       |       |       |     8 ||     8
 Cast: Summon Small Mamm |    48 |       |       |       ||    48
       Call Imp          |     5 |    29 |    34 |    22 ||    90
       Call Canine Famil |       |    15 |    44 |    28 ||    87
       Summon Guardian G |       |     3 |    11 |     9 ||    23
       Summon Lightning  |       |       |    10 |    19 ||    29
 Abil: Hop               |     2 |     4 |    12 |    10 ||    28
Evoke: Wand              |       |       |     1 |    12 ||    13
  Use: Potion            |       |     3 |     3 |     7 ||    13
       Scroll            |       |       |     5 |     3 ||     8
 Stab: Sleeping          |     5 |       |     3 |       ||     8
       Distracted        |       |     1 |     1 |     3 ||     5
Armor: Robe              |    13 |    23 |    17 |       ||    53
       Steam dragon scal |       |       |    31 |    47 ||    78
Dodge: Dodged            |    65 |    85 |   153 |   126 ||   429
